 Dungeon Crawl Stone Soup version 0.23.2 (webtiles) character file.

Game seed: 629093405115336864

4909 Borgoz the Slicer (level 10, -8/69 HPs)
             Began as a Halfling Berserker on Apr 9, 2019.
             Was a High Priest of Trog.
             Mangled by a death yak (12 damage)
             ... on level 9 of the Dungeon.
             The game lasted 00:18:03 (8273 turns).

Borgoz the Slicer (Halfling Berserker)              Turns: 8273, Time: 00:18:04

Health: -8/69      AC: 11    Str: 18    XL:     10   Next: 80%
Magic:  11/11      EV: 22    Int:  5    God:    Trog [*****.]
Gold:   488        SH:  0    Dex: 22    Spells: 9/9 levels left

rFire    + . .     SeeInvis .   a - +0 rapier
rCold    + . .     Gourm    .   (shield restricted)
rNeg     . . .     Faith    .   g - +3 leather armour
rPois    .         Spirit   .   (no helmet)
rElec    .         Reflect  .   d - scarf {rC+ rF+}
rCorr    .         Harm     .   q - +0 pair of gloves
MR       .....                  (no boots)
Stlth    +++.......             (no amulet)
HPRegen  0.21/turn              u - +3 ring of protection
MPRegen  0.12/turn              G - +4 ring of dexterity

@: berserk cooldown, slowed, lightly drained, very slow
A: small, mutation resistance 1
a: Berserk, Trog's Hand, Brothers in Arms, Renounce Religion


You were on level 9 of the Dungeon.
You worshipped Trog.
Trog was extremely pleased with you.
You were very hungry.

You visited 2 branches of the dungeon, and saw 10 of its levels.

You collected 488 gold pieces.

Inventory:

Hand Weapons
 a - a +0 rapier (weapon)
 b - a +5 antimagic double sword
 A - a +0 short sword
Missiles
 I - a throwing net (quivered)
Armour
 d - a scarf of resistance (worn)
 g - a +3 leather armour (worn)
 q - a +0 pair of gloves (worn)
 K - a +0 cloak of invisibility
Jewellery
 e - an uncursed ring of positive energy
 l - an uncursed ring of resist corrosion
 u - a +3 ring of protection (left hand)
 B - an uncursed ring of magical power
 G - a +4 ring of dexterity (right hand)
Wands
 m - a wand of acid (7)
 v - a wand of paralysis (27)
Scrolls
 f - 3 scrolls of magic mapping {unknown}
 h - 4 scrolls of teleportation
 k - 8 scrolls of remove curse
 r - 3 scrolls of fear {unknown}
 y - a scroll of enchant weapon {unknown}
 E - a scroll of brand weapon {unknown}
 H - a scroll of enchant armour {unknown}
Potions
 i - a potion of haste
 j - a potion of magic
 n - a potion of heal wounds
 s - 2 potions of cancellation
 C - a potion of brilliance
 D - 2 potions of curing
 F - a potion of lignification
Comestibles
 c - 17 rations


   Skills:
 + Level 6.9(6.7) Fighting
 * Level 9.5(9.2) Short Blades
 * Level 8.4(8.1) Armour
 * Level 8.2(7.9) Dodging
 - Level 5.0(4.7) Stealth
 + Level 1.4(1.1) Evocations


You had 9 spell levels left.
You didn't know any spells.
Your spell library was empty.

Dungeon Overview and Level Annotations

Branches:
Dungeon (9/15)             Temple (1/1) D:4            Lair (0/6) D:9
    Orc: D:9-12

Altars:
Ashenzari
Cheibriados
Dithmenos
Elyvilon
Gozag
Hepliaklqana
Kikubaaqudgha
Nemelex Xobeh
Okawaru
Qazlal
Ru
Sif Muna
Trog
Uskayaw
Vehumet
Wu Jian
Xom
Yredelemnul
Zin
The Shining One


Innate Abilities, Weirdness & Mutations

You are small and have problems with some larger weapons.
You are somewhat resistant to further mutation.


Message History

The tengu conjurer hits you.
The tengu conjurer pecks you but does no damage.
The tengu conjurer barely misses you. The wight hits you but does no damage.
The wight barely misses you. The wight hits you with a +2 scimitar.
You feel drained.
The tengu conjurer completely misses you.
The tengu conjurer pecks you but does no damage.
The tengu conjurer misses you.
You barely miss the wight.
The wight is moderately damaged.
Your surroundings suddenly seem different.
You are feeling very hungry.
The death yak bellows! x3
The death yak bellows!
You hit the death yak.
The death yak is lightly wounded.
The death yak barely misses you. The death yak gores you!!
* * * LOW HITPOINT WARNING * * *
The death yak gores you!
You die...

.. #.Y...#........#.
..########.....#........#.
...............#........#.
...............#........#.
...............#.......##.
...............#.......##.
...............# ..
........Y......#
.......YY@.....#
........YY.....+
...............#
...............#
...............# ###
...............#+#######..
..........................
..........................
..........................


You could see 5 death yaks.

Vanquished Creatures
  A tengu warrior (D:9)
  Maurice (D:8)
  A human (D:7)
  3 hogs (D:7)
  A yak (D:7)
  An ice beast (D:9)
  2 orc warriors
  2 sky beasts
  A necrophage (D:6)
  An ogre (D:6)
  3 centaurs
  A crocodile (D:8)
  6 bullfrogs
  A wyvern skeleton (D:4)
  A water moccasin zombie (D:6)
  2 scorpions (D:4)
  5 wights
  A howler monkey (D:6)
  6 crimson imps
  A bullfrog zombie (D:6)
  8 hounds
  3 orc priests
  2 jellies
  7 orc wizards
  Jessica (D:2)
  A centaur skeleton (D:4)
  4 iguanas
  5 worker ants
  A hound skeleton (D:8)
  A howler monkey zombie (D:8)
  7 gnolls (D:6)
  13 adders
  An ooze (D:2)
  2 worms
  4 leopard geckos
  44 orcs
  3 giant cockroaches
  8 goblins
  10 hobgoblins
  10 jackals
  4 quokkas
  3 ball pythons
  7 bats
  4 frilled lizards
  10 kobolds
  A leopard gecko skeleton (D:5)
  2 quokka skeletons
  A quokka zombie (D:6)
  8 rats
216 creatures vanquished.

Notes
Turn   | Place    | Note
-------+----------+-------------------------------------------
     0 | D:1      | Borgoz the Halfling Berserker began the quest for the Orb.
     0 | D:1      | Reached XP level 1. HP: 15/15 MP: 1/1
   170 | D:1      | Reached XP level 2. HP: 20/20 MP: 2/2
   539 | D:1      | Reached XP level 3. HP: 25/25 MP: 3/3
   610 | D:1      | Reached ** piety under Trog
   610 | D:1      | Reached skill level 1 in Stealth
   979 | D:2      | Noticed Jessica
  1007 | D:2      | Killed Jessica
  1007 | D:2      | Reached skill level 4 in Short Blades
  1007 | D:2      | Reached XP level 4. HP: 18/31 MP: 4/4
  1164 | D:2      | Found a faded altar of an unknown god.
  1903 | D:2      | Found a deep blue altar of Sif Muna.
  1903 | D:2      | Found a white marble altar of Elyvilon.
  1931 | D:2      | Reached XP level 5. HP: 36/36 MP: 5/5
  2209 | D:3      | Reached *** piety under Trog
  2857 | D:4      | Found a staircase to the Ecumenical Temple.
  2886 | Temple   | Entered the Ecumenical Temple
  3069 | D:4      | Reached XP level 6. HP: 31/42 MP: 6/6
  3302 | D:4      | Reached skill level 5 in Short Blades
  3451 | D:4      | Reached XP level 7. HP: 33/47 MP: 7/7
  3815 | D:5      | Entered Level 5 of the Dungeon
  4132 | D:5      | Reached **** piety under Trog
  4642 | D:6      | Reached skill level 5 in Armour
  4642 | D:6      | Reached XP level 8. HP: 54/54 MP: 8/8
  4649 | D:6      | Reached skill level 6 in Short Blades
  4752 | D:6      | Reached skill level 5 in Dodging
  5218 | D:6      | Reached skill level 5 in Fighting
  5222 | D:6      | Reached XP level 9. HP: 61/61 MP: 9/9
  5362 | D:6      | Reached skill level 7 in Short Blades
  6380 | D:7      | Reached skill level 8 in Short Blades
  6397 | D:7      | Reached XP level 10. HP: 68/68 MP: 10/10
  6480 | D:7      | Reached ***** piety under Trog
  6563 | D:7      | Reached skill level 5 in Stealth
  7078 | D:8      | Received a gift from Trog
  7473 | D:8      | Noticed Maurice
  7506 | D:8      | Killed Maurice
  7506 | D:8      | Reached skill level 9 in Short Blades
  7874 | D:9      | Noticed a death yak
  7876 | D:9      | Found a staircase to the Lair.
  7876 | D:9      | Noticed a death yak
  7877 | D:9      | Noticed a death yak
  7877 | D:9      | Noticed a death yak
  7877 | D:9      | Noticed a death yak
  8231 | D:9      | Noticed a tengu warrior
  8256 | D:9      | Killed a tengu warrior
  8256 | D:9      | Reached skill level 1 in Evocations
  8273 | D:9      | Mangled by a death yak

Skill      XL: |  1  2  3  4  5  6  7  8  9 10 |
---------------+-------------------------------+-----
Stealth        | 1 2 3 4 5 |  5.0
Fighting       | 3 4 5 6 |  6.9
Short Blades   | 4 5 6 8 9 |  9.5
Armour         | 3 4 5 7 8 |  8.4
Dodging        | 3 4 5 7 8 |  8.2
Evocations     | 1 |  1.4

Action                   |  1- 3 |  4- 6 |  7- 9 | 10-12 || total
-------------------------+-------+-------+-------+-------++-------
Melee: Short sword       |    90 |   260 |   256 |       ||   606
       Rapier            |       |       |   151 |   340 ||   491
Throw: Throwing net      |       |       |       |     2 ||     2
Invok: Berserk           |     1 |     2 |    10 |     6 ||    19
       Trog's Hand       |       |       |       |     1 ||     1
Evoke: Wand              |       |       |     1 |     1 ||     2
  Use: Potion            |     1 |       |     5 |     4 ||    10
       Scroll            |       |       |       |    15 ||    15
 Stab: Sleeping          |     2 |       |     7 |     6 ||    15
       Distracted        |       |       |     1 |     1 ||     2
  Eat: Chunk             |       |     9 |    16 |     9 ||    34
       Ration            |       |       |     1 |     1 ||     2
Armor: Animal skin       |     1 |       |       |       ||     1
       Leather armour    |    14 |    68 |   115 |    66 ||   263
Dodge: Dodged            |    52 |   188 |   435 |   327 ||  1002
